 Dungeon Crawl Stone Soup version 0.19.5 (webtiles) character file.

4378 Just00me the Grappler (level 10, -1/94 HPs)
             Began as a Troll Monk on Mar 21, 2017.
             Was a High Priest of Okawaru.
             Slain by a bullfrog (5 damage)
             ... on level 8 of the Dungeon.
             The game lasted 00:37:15 (5919 turns).

Just00me the Grappler (Troll Monk)                  Turns: 5919, Time: 00:37:15

Health: -1/94      AC:  6    Str: 21    XL:     10   Next: 13%
Magic:  4/9        EV: 17    Int:  6    God:    Okawaru [*****.]
Gold:   474        SH:  0    Dex: 20    Spells: 0 memorised, 9 levels left

rFire  + . .     SeeInvis .       - Unarmed
rCold  . . .     Gourm    +     g - +0 robe {rF+}
rNeg   + . .     Faith    .     (no shield)
rPois  .         Spirit   .     (helmet restricted)
rElec  .         Reflect  .     q - +0 cloak
rCorr  .         Harm     .     (gloves unavailable)
MR     .....                    (boots unavailable)
Stlth  +++.......               (no amulet)
                                r - ring of positive energy
                                p - -2 ring of evasion (curse)

@: agile, finesse
A: unfitting armour, claws 3, fast metabolism 3, gourmand, regeneration 1,
shaggy fur 1, tough skin 2
a: Heroism, Finesse, Renounce Religion


You were on level 8 of the Dungeon.
You worshipped Okawaru.
Okawaru was extremely pleased with you.
You were completely stuffed.

You visited 2 branches of the dungeon, and saw 9 of its levels.

You collected 474 gold pieces.

Inventory:

Armour
 g - a +0 robe of fire resistance (worn)
 q - a +0 cloak (worn)
Jewellery
 e - an uncursed ring of poison resistance
 p - a cursed -2 ring of evasion (left claw)
 r - a ring of positive energy (right claw)
Wands
 s - a wand of iceblast (1/15)
Scrolls
 c - 8 scrolls of identify
 d - 4 scrolls of magic mapping
 k - 2 scrolls of fog
 n - a scroll of amnesia
Potions
 j - 2 potions of curing (quivered)
 o - a potion of agility
 t - 2 potions of might
 u - a potion of berserk rage
Books
 y - a book of Necromancy

   Spells                             Type                      Level
   a - Pain                           Necromancy                   1
   b - Animate Skeleton               Necromancy                   1
   c - Vampiric Draining              Necromancy                   3
   d - Regeneration                   Charms/Necromancy            3
   e - Animate Dead                   Necromancy                   4
   f - Control Undead                 Necromancy                   4
Comestibles
 a - 6 chunks of flesh
 b - 6 bread rations
 f - 2 beef jerkies
 h - a slice of pizza
 i - a fruit
 l - 5 meat rations


   Skills:
 + Level 4.7 Fighting
 + Level 6.0 Dodging
 + Level 2.5 Stealth
 + Level 11.8 Unarmed Combat
 + Level 0.8 Invocations


You had 9 spell levels left.
You didn't know any spells.

Dungeon Overview and Level Annotations

Branches:
Dungeon (8/15)             Temple (1/1) D:7            Lair (0/6) D:8

Altars:
Ashenzari
Cheibriados
Dithmenos
Elyvilon
Fedhas
Gozag
Hepliaklqana
Kikubaaqudgha
Makhleb
Nemelex Xobeh
Okawaru
Qazlal
Ru
Sif Muna
Trog
Uskayaw
Vehumet
Xom
Yredelemnul
Zin
The Shining One

Shops:
D:4 [


Innate Abilities, Weirdness & Mutations

You are too large for most types of armour.
You have claws for hands.
Your metabolism is lightning-fast.
You like to eat raw meat.
Your natural rate of healing is unusually fast.
You are covered in fur. (AC +1)
You have very tough skin. (AC +2)


Message History

The centaur closely misses you. The centaur misses you.
You can now deal lightning-fast blows.
The bullfrog barely misses you. The centaur hits you.
* * * LOW HITPOINT WARNING * * *
The centaur barely misses you. The bullfrog misses you.
You feel better. The centaur closely misses you. The centaur misses you.
The bullfrog hits you.
* * * LOW HITPOINT WARNING * * *
The centaur closely misses you. The centaur misses you.
You barely miss the centaur. The bullfrog barely misses you.
You completely miss the centaur. The centaur misses you.
The centaur hits you but does no damage.
You closely miss the centaur. The bullfrog closely misses you.
The centaur misses you.
You claw the centaur!
The centaur is moderately wounded.
The centaur hits you.
* * * LOW HITPOINT WARNING * * *
The bullfrog hits you.
You die...

.#####.)..........# #######
.#.....)#########.## #.....#
...###..########...###.###.#
.### #.......(.........# #.#
######..#######((..###.###.#
........# #.....(..........#
#######.# #.....(....###.###
........# #.....(....# #.#
######### #.....@c...# #.#
#.....Fc...# #.#
#.........## #.# ##
[...?.>....# #.# .#
.#.........####.# .#
#...?.....##...# .#
#.........##.### .#
#.........##.# .# #(#


You could see a bullfrog and 2 centaurs.

Vanquished Creatures
  Pikel (D:4)
  The ghost of Sanvar the Poker, an amateur HuFi (D:4)
  Sigmund (D:4)
  Eustachio (D:5)
  A steam dragon (D:8)
  An ice beast (D:8)
  3 orc warriors
  2 sky beasts
  2 slaves (D:4)
  A black bear (D:7)
  2 phantoms
  2 centaurs (D:7)
  4 ogres
  A crocodile (D:8)
  A bullfrog (D:7)
  A scorpion (D:5)
  4 killer bees (D:8)
  2 howler monkeys
  5 wights (D:8)
  2 crimson imps
  A centaur zombie (D:8)
  4 hounds
  6 orc priests
  A jelly (D:6)
  A bullfrog skeleton (D:6)
  7 orc wizards
  5 iguanas
  Crazy Yiuf (D:5)
  3 worker ants
  A hound zombie (D:6)
  2 hound skeletons
  A howler monkey zombie (D:6)
  A worker ant zombie (D:6)
  13 gnolls
  9 adders
  2 shadow imps
  An adder zombie (D:6)
  3 worms
  A dart slug (D:3)
  3 leopard geckos
  34 orcs
  3 ball pythons (D:3)
  7 bats
  5 giant cockroaches
  8 goblins
  8 hobgoblins
  9 jackals
  2 quokkas
  4 frilled lizards
  A jackal skeleton (D:4)
  3 kobolds
  A leopard gecko zombie (D:5)
  11 rats
200 creatures vanquished.

Notes
Turn   | Place    | Note
-------+----------+-------------------------------------------
     0 | D:1      | Just00me the Troll Monk began the quest for the Orb.
     0 | D:1      | Reached XP level 1. HP: 22/22 MP: 0/0
    25 | D:1      | Reached XP level 2. HP: 29/29 MP: 1/1
   514 | D:1      | Reached XP level 3. HP: 37/37 MP: 2/2
   995 | D:2      | Reached XP level 4. HP: 26/45 MP: 3/3
  1000 | D:2      | Reached skill level 4 in Unarmed Combat
  1406 | D:3      | Found an iron altar of Okawaru.
  1416 | D:3      | Found a shadowy altar of Dithmenos.
  1419 | D:3      | Found a bloodstained altar of Trog.
  1432 | D:3      | Found a blossoming altar of Fedhas.
  1445 | D:3      | Became a worshipper of Warmaster Okawaru
  1445 | D:3      | Reached * piety under Okawaru
  1445 | D:3      | Reached ** piety under Okawaru
  1497 | D:3      | Reached XP level 5. HP: 45/53 MP: 4/4
  1791 | D:3      | Reached skill level 5 in Unarmed Combat
  1947 | D:4      | Noticed Sigmund
  1957 | D:4      | Killed Sigmund
  1957 | D:4      | Reached XP level 6. HP: 29/61 MP: 2/5
  1961 | D:4      | Reached skill level 6 in Unarmed Combat
  2119 | D:4      | Noticed Sanvar's ghost (amateur HuFi)
  2144 | D:4      | Killed Sanvar's ghost
  2144 | D:4      | Reached XP level 7. HP: 38/67 MP: 6/6
  2213 | D:4      | Found Kuenenea's Armour Boutique.
  2384 | D:4      | Reached skill level 7 in Unarmed Combat
  2390 | D:4      | Reached *** piety under Okawaru
  2465 | D:4      | Noticed Pikel
  2484 | D:4      | Killed Pikel
  2484 | D:4      | Reached skill level 8 in Unarmed Combat
  2484 | D:4      | Reached XP level 8. HP: 70/75 MP: 7/7
  2634 | D:5      | Entered Level 5 of the Dungeon
  2634 | D:5      | Noticed Eustachio
  2644 | D:5      | Killed Eustachio
  2644 | D:5      | Reached skill level 9 in Unarmed Combat
  2854 | D:5      | Reached **** piety under Okawaru
  2911 | D:5      | Found a hide-covered altar of Uskayaw.
  3048 | D:5      | Reached skill level 5 in Dodging
  3048 | D:5      | Reached skill level 10 in Unarmed Combat
  3048 | D:5      | Reached XP level 9. HP: 84/84 MP: 8/8
  3115 | D:5      | Found a runed door.
  3192 | D:5      | Noticed Crazy Yiuf
  3195 | D:5      | Killed Crazy Yiuf
  3589 | D:6      | Found a sparkling altar of Nemelex Xobeh.
  3851 | D:6      | HP: 4/84 [orc warrior/flail (9)]
  4524 | D:7      | Reached ***** piety under Okawaru
  4524 | D:7      | Reached skill level 11 in Unarmed Combat
  4957 | D:7      | Found a staircase to the Ecumenical Temple.
  4964 | Temple   | Entered the Ecumenical Temple
  5563 | D:8      | Found a sparkling altar of Nemelex Xobeh.
  5605 | D:8      | Reached XP level 10. HP: 91/94 MP: 9/9
  5898 | D:8      | Found a staircase to the Lair.
  5914 | D:8      | HP: 1/94 [centaur (5)]
  5919 | D:8      | HP: 4/94 [centaur (2)]
  5919 | D:8      | Slain by a bullfrog

Skill      XL: |  1  2  3  4  5  6  7  8  9 10 |
---------------+-------------------------------+-----
Fighting       | 3 4 |  4.7
Dodging        | 3 4 5 6 |  6.0
Unarmed Combat | 4 5 6 8 10 11 | 11.8
Stealth        | 2 |  2.5
Invocations    | |  0.8

Action                   |  1- 3 |  4- 6 |  7- 9 | 10-12 || total
-------------------------+-------+-------+-------+-------++-------
Melee: Unarmed           |    88 |   154 |   300 |    42 ||   584
       Punch             |     2 |     1 |    11 |     3 ||    17
Invok: Heroism           |       |     1 |     3 |       ||     4
       Finesse           |       |       |       |     1 ||     1
  Use: Scroll            |       |     5 |     8 |     3 ||    16
       Potion            |       |       |     1 |     3 ||     4
 Stab: Sleeping          |     3 |     2 |     3 |     1 ||     9
  Eat: Chunk             |    11 |    10 |    31 |     4 ||    56
       Bread ration      |     1 |       |       |       ||     1
Armor: Robe              |    32 |    50 |    72 |     6 ||   160
Dodge: Dodged            |    44 |    83 |   223 |    37 ||   387
